 Dungeon Crawl Stone Soup version 0.24.0-1-gfbc8707 (webtiles) character file.

Game seed: 2152694797047580715, levelgen mode: deterministic

10761 Fang the Fighter (level 11, -1/76 HPs)
             Began as a Gargoyle Berserker on Nov 6, 2019.
             Was a High Priest of Trog.
             Killed from afar by a starcursed mass (7 damage)
             ... with an accursed screaming
             ... while paralysed by accursed screaming
             ... on level 1 of the Abyss.
             The game lasted 00:12:47 (9681 turns).

Fang the Fighter (Gargoyle Berserker)               Turns: 9681, Time: 00:12:47

Health: -1/76      AC: 27    Str: 24    XL:     11   Next: 67%
Magic:  15/15      EV:  2    Int: 11    God:    Trog [*****.]
Gold:   352        SH:  0    Dex:  9    Spells: 10/10 levels left

rFire    . . .     SeeInvis +   a - +6 war axe
rCold    . . .     Gourm    .   (no shield)
rNeg     + . .     Faith    .   b - +1 plate armour
rPois    ∞         Spirit   .   v - +0 Maxwell's etheric cage {RegenMP+ *Contam rElec MP+4}
rElec    +         Reflect  .   g - +2 cloak
rCorr    .         Harm     .   (no gloves)
MR       ++...                  (no boots)
Stlth    ..........             (no amulet)
HPRegen  1.22/turn              q - ring of see invisible MPRegen 0.64/turn*
                                o - +3 ring of intelligence

@: paralysed, regenerating
A: negative energy resistance 1, electricity resistance, unbreathing,
petrification resistance, rot immunity, AC +8
a: Berserk, Trog's Hand, Brothers in Arms, Renounce Religion


You were on level 1 of the Abyss.
You worshipped Trog.
Trog was extremely pleased with you.
You were not hungry.

You visited 2 branches of the dungeon, and saw 11 of its levels.
You visited the Abyss 1 time.

You collected 352 gold pieces.

Inventory:

Hand Weapons
 a - a +6 war axe (weapon)
Armour
 b - a +1 plate armour (worn)
 g - a +2 cloak (worn)
 v - the +0 Maxwell's etheric cage (worn) {RegenMP+ *Contam rElec MP+4}
   (You found it on level 6 of the Dungeon)

   It insulates you from electricity.
   It affects your magic capacity (+4).
   It causes magical contamination when unequipped.
Jewellery
 o - a +3 ring of intelligence (right hand)
 q - a ring of see invisible (left hand)
Wands
 l - a wand of acid (6)
 n - a wand of random effects (16)
 t - a wand of digging (4)
 w - a wand of iceblast (5)
 z - a wand of flame (20)
Scrolls
 e - a scroll of fog
 f - 6 scrolls of remove curse
 k - a scroll of fear
 m - 3 scrolls of teleportation
Potions
 d - a potion of magic
 j - 3 potions of haste
 p - 4 potions of curing
 s - a potion of agility
 u - a potion of flight
 x - a potion of might
 A - a potion of resistance {unknown}
 D - a potion of invisibility
 E - a potion of mutation
Comestibles
 c - 12 rations


   Skills:
 * Level 11.7 Fighting
 * Level 10.0 Axes
 + Level 8.5 Armour
 + Level 6.4 Dodging


You had 10 spell levels left.
You didn't know any spells.
Your spell library was empty.

Dungeon Overview and Level Annotations

Branches:
Dungeon (10/15)            Temple (1/1) D:4            Lair (0/6) D:9
    Orc: D:9-12

Altars:
Okawaru
Qazlal

Shops:
D:5 :

Annotations:
D:10 Sonja


Innate Abilities, Weirdness & Mutations

You are resistant to torment.
Your stone body is resilient. (AC +8)
You are immune to poison.
You resist negative energy. (rN+)
You are resistant to electric shocks. (rElec)
You can survive without breathing.
You are immune to petrification.
You are immune to rotting.


Message History

You feel resistant to hostile enchantments.
You feel somewhat more hungry.
The starcursed mass engulfs you but does no damage. x2
The shadow hits you.
A starcursed mass splits. x2
You slice the starcursed mass!!
You destroy the starcursed mass!
Trog accepts your kill.
You hit the starcursed mass.
The starcursed mass shudders and is absorbed by its neighbour.
You slash the starcursed mass!
The starcursed mass shudders and is absorbed by its neighbour.
You hit the starcursed mass but do no damage.
You closely miss the shadow. The starcursed mass engulfs you.
* * * LOW HITPOINT WARNING * * *
The shadow barely misses you.
A cacophony of accursed wailing tears at your sanity!
* * * LOW HITPOINT WARNING * * *
You suddenly lose the ability to move!
A cacophony of accursed wailing tears at your sanity!
You die...

.# # #.......
..#.... #
}..##..#............
## ##.. ............
. #..##..)...... .
##.# . #..#...X...#
... #. #.
#..##..X..## ... . #
##.....X...#... . ##
......XXX.....! ##
$......@X.X.....
#..##..#W.X.XX.. #
## .##.#>...#.... #
.#....###... . .#
..... ... .. .......
.. ........
..........


You could see 11 starcursed masses and a shadow.

Vanquished Creatures
  Harold (D:7)
  2 two-headed ogres (D:9)
  An anaconda skeleton (Abyss:1)
  A hornet (D:8)
  Prince Ribbit (D:6)
  3 flying skulls (Abyss:1)
  2 hippogriffs
  A spriggan (D:8)
  Sigmund (D:3)
  8 yaks (D:9)
  A vampire (D:9)
  2 humans (D:8)
  2 wyverns
  A basilisk (D:9)
  Menkaure (D:6)
  Edmund (D:5)
  A water moccasin (D:9)
  2 small abominations (Abyss:1)
  Duvessa (D:6)
  2 orc warriors
  5 porcupines (D:9)
  An ice beast (D:7)
  A sky beast (D:6)
  2 ogres
  2 necrophages
  2 centaurs
  3 crocodiles (D:9)
  5 bullfrogs
  Dowan (D:6)
  A scorpion (D:6)
  8 killer bees
  8 wights
  2 howler monkeys
  6 crimson imps
  2 starcursed masses (Abyss:1)
  2 jellies
  A bullfrog skeleton (D:8)
  5 orc priests
  Crazy Yiuf (D:3)
  3 hounds
  9 orc wizards
  A centaur skeleton (D:5)
  2 iguanas (D:4)
  4 worker ants
  A hound skeleton (D:5)
  A howler monkey zombie (D:5)
  A worker ant zombie (D:8)
  Robin (D:2)
  7 gnolls
  8 adders
  2 shadow imps
  An adder zombie (D:9)
  An adder skeleton (D:6)
  3 worms (D:2)
  5 dart slugs
  2 leopard geckos
  29 orcs
  4 giant cockroaches
  6 goblins
  10 hobgoblins
  10 jackals
  6 kobolds
  3 quokkas
  A ball python (D:8)
  5 bats
  A quokka zombie (D:5)
  5 rats
  3 fungi (D:3)
228 creatures vanquished.

Vanquished Creatures (collateral kills)
  A fungus (D:9)
1 creature vanquished.

Vanquished Creatures (others)
  8 fungi
8 creatures vanquished.

Grand Total: 237 creatures vanquished

Notes
Turn   | Place    | Note
-------+----------+-------------------------------------------
     0 | D:1      | Fang the Gargoyle Berserker began the quest for the Orb.
     0 | D:1      | Reached XP level 1. HP: 14/14 MP: 1/1
    76 | D:1      | Reached XP level 2. HP: 17/19 MP: 2/2
   423 | D:1      | You fall into a shaft and drop 1 floor!
   431 | D:2      | Reached XP level 3. HP: 12/23 MP: 3/3
   633 | D:2      | Noticed Robin
   645 | D:2      | Killed Robin
   645 | D:2      | Reached ** piety under Trog
   645 | D:2      | Reached XP level 4. HP: 29/29 MP: 4/4
   867 | D:2      | Found a stormy altar of Qazlal.
  1132 | D:2      | Reached skill level 4 in Fighting
  1677 | D:1      | Reached XP level 5. HP: 33/33 MP: 5/5
  2092 | D:3      | Noticed Sigmund
  2103 | D:3      | Killed Sigmund
  2103 | D:3      | Reached XP level 6. HP: 40/40 MP: 6/6
  2578 | D:3      | Found a runed translucent door.
  2579 | D:3      | Noticed Crazy Yiuf
  2588 | D:3      | Killed Crazy Yiuf
  2588 | D:3      | Reached skill level 5 in Fighting
  2874 | D:4      | Reached XP level 7. HP: 26/44 MP: 7/7
  3545 | D:4      | Found a staircase to the Ecumenical Temple.
  3663 | Temple   | Entered the Ecumenical Temple
  3693 | D:5      | Entered Level 5 of the Dungeon
  3750 | D:5      | Reached skill level 5 in Axes
  3755 | D:5      | Reached skill level 6 in Fighting
  4364 | D:5      | Noticed Edmund
  4387 | D:5      | Killed Edmund
  4387 | D:5      | Reached XP level 8. HP: 26/52 MP: 0/8
  4776 | D:5      | Found Kuf Kon's Book Emporium.
  4926 | D:6      | Reached skill level 5 in Armour
  4990 | D:6      | Reached *** piety under Trog
  4994 | D:6      | Reached skill level 7 in Fighting
  5057 | D:6      | Noticed Duvessa
  5059 | D:6      | Noticed Dowan
  5066 | D:6      | Killed Duvessa
  5075 | D:6      | Killed Dowan
  5217 | D:6      | Reached XP level 9. HP: 53/58 MP: 9/9
  5234 | D:6      | Noticed Prince Ribbit
  5236 | D:6      | Noticed Menkaure
  5245 | D:6      | Killed Prince Ribbit
  5245 | D:6      | Received a gift from Trog
  5248 | D:6      | Killed Menkaure
  5248 | D:6      | Reached skill level 8 in Fighting
  5390 | D:6      | Found the +0 Maxwell's etheric cage {RegenMP+ *Contam rElec
                  | MP+4}
  6214 | D:7      | Found a stormy altar of Qazlal.
  6231 | D:7      | Noticed Harold
  6247 | D:7      | Killed Harold
  6247 | D:7      | Reached skill level 9 in Fighting
  6247 | D:7      | Reached skill level 5 in Dodging
  6247 | D:7      | Reached XP level 10. HP: 35/66 MP: 10/10
  7160 | D:8      | Reached **** piety under Trog
  7550 | D:8      | Reached skill level 10 in Fighting
  7593 | D:8      | Found an iron altar of Okawaru.
  7954 | D:9      | Found a staircase to the Lair.
  7981 | D:9      | Reached XP level 11. HP: 73/73 MP: 11/11
  8225 | D:9      | Reached skill level 11 in Fighting
  8461 | D:9      | Noticed a two-headed ogre
  8472 | D:9      | Killed a two-headed ogre
  8472 | D:9      | Reached ***** piety under Trog
  8787 | D:9      | Noticed a two-headed ogre
  8796 | D:9      | Killed a two-headed ogre
  9194 | D:10     | Entered Level 10 of the Dungeon
  9219 | D:10     | Noticed Sonja
  9470 | D:10     | Cast into level 1 of the Abyss (Sonja)
  9649 | Abyss:1  | Reached skill level 10 in Axes
  9666 | Abyss:1  | Noticed a starcursed mass
  9670 | Abyss:1  | Noticed a starcursed mass
  9675 | Abyss:1  | Paralysed by accursed screaming for 2 turns
  9680 | Abyss:1  | Paralysed by accursed screaming for 2 turns
  9681 | Abyss:1  | Killed from afar by a starcursed mass

Levels and vault maps discovered:
D:1:      dpeg_arrival_houses_and_road, layout_basic, serial_corexii_hall,
          corexii_hall_statues_x, corexii_hall_statues_x,
          minmay_misc_feat_four_crosses
D:2:      layout_basic, lemuel_altar_in_water, uniq_robin
D:3:      layout_loops_ring, serial_park_tiny_pond, minmay_statues_item,
          uniq_sigmund, uniq_crazy_yiuf_cottage
D:4:      layout_basic, minmay_temple_entry_overgrown, first_ration,
          serial_aquarium, aquarium_bridge_square [aquarium_subvault_wall,
          aquarium_subvault_bridge, aquarium_subvault_wall,
          aquarium_subvault_balcony], aquarium_bridge_square
          [aquarium_subvault_bridge, aquarium_subvault_wall,
          aquarium_subvault_bridge, aquarium_subvault_window],
          aquarium_window_corner, aquarium_window_1, aquarium_window_corner,
          aquarium_view_2c, aquarium_pool_side
D:5:      layout_loops_cross, serial_shops, shop, uniq_edmund
D:6:      lemuel_ice_spiral_2, layout_basic, uniq_menkaure, uniq_prince_ribbit1,
          uniq_duvessa
D:7:      layout_cave_pods, grunt_qazlal_clouds, uniq_harold
D:8:      layout_cave_pools, grunt_pizzeria, okawaru_humans
D:9:      layout_roguey, minmay_lair_entry_grove
D:10:     minmay_cut_squares, layout_basic, basic_altar, uniq_maurice,
          uniq_sonja
Temple:   roderic_octagonal_lattice_temple
Abyss:1:  serial_sigils_hangedman_shear

Skill      XL: |  1  2  3  4  5  6  7  8  9 10 11 |
---------------+----------------------------------+-----
Axes           | 3 4 5 6 7 9 10 | 10.0
Dodging        | 2 3 4 5 6 |  6.4
Armour         | 3 4 5 6 7 8 |  8.5
Fighting       | 4 5 6 7 9 10 11 | 11.7

Action                   |  1- 3 |  4- 6 |  7- 9 | 10-12 || total
-------------------------+-------+-------+-------+-------++-------
Melee: Hand axe          |    81 |   178 |   165 |       ||   424
       War axe           |       |       |    98 |   332 ||   430
Invok: Berserk           |     1 |     4 |     6 |     6 ||    17
       Trog's Hand       |       |       |       |     2 ||     2
  Use: Scroll            |       |       |       |    21 ||    21
 Stab: Sleeping          |       |     2 |       |       ||     2
  Eat: Chunk             |       |     7 |    13 |    13 ||    33
       Ration            |       |     1 |     1 |     2 ||     4
Armor: Animal skin       |    27 |    48 |    63 |       ||   138
       Chain mail        |       |       |   131 |       ||   131
       Plate armour      |       |       |     6 |   341 ||   347
Dodge: Dodged            |    50 |    89 |   202 |   183 ||   524
